 Dungeon Crawl Stone Soup version 0.28-a0-313-gbc0475efdd (webtiles) character file.

Game seed: 154974148359139782

3434 lunkers the Fighter (level 9, -3/86 HPs)
             Began as a Minotaur Cinder Acolyte on Aug 31, 2021.
             Was a High Priest of Ignis.
             Shot with an arrow by a centaur warrior (23 damage)
             ... on level 8 of the Dungeon.
             The game lasted 00:07:08 (9127 turns).

lunkers the Fighter (Minotaur Cinder Acolyte)       Turns: 9127, Time: 00:07:09

Health: -3/86      AC: 16    Str: 22    XL:     9   Next: 77%
Magic:  9/9        EV:  7    Int: 12    God:    Ignis [*****.]
Gold:   314        SH:  0    Dex:  7    Spells: 9/10 levels left

rFire   + . .      SeeInvis .   a - +6 rapier "Sagebb" {flame, Int+2}
rCold   . . .      Faith    .   (no shield)
rNeg    . . .      Spirit   .   k - +0 plate armour
rPois   .          Reflect  .   (helmet restricted)
rElec   .          Harm     .   s - +0 cloak
rCorr   .          Rampage  .   (no gloves)
Will    .....                   r - +0 pair of boots
Stlth   ..........              (no amulet)
HPRegen 0.24/turn               j - ring of flight
MPRegen 0.11/turn               (no ring)

@: flying
A: horns 2, retaliatory headbutt
a: Renounce Religion, Sea of Fire, Foxfire Swarm, Rising Flame


You were on level 8 of the Dungeon.
You worshipped Ignis.
Ignis was extremely pleased with you.
You visited 1 branch of the dungeon, and saw 8 of its levels.

You collected 314 gold pieces.

Inventory:

Hand Weapons
 a - the +6 rapier "Sagebb" (weapon) {flame, Int+2}
   (You found it on level 6 of the Dungeon)

   It burns those it strikes, dealing additional fire damage.
   Int:       It affects your intelligence (+2).
 d - a +2 spear of flaming
 h - a +1 dagger of electrocution
 B - a -1 hand axe of flaming
 H - a +5 flail of freezing
 I - a +4 scimitar of flaming
Armour
 b - a +0 tower shield
 k - a +0 plate armour (worn)
 r - a +0 pair of boots (worn)
 s - a +0 cloak (worn)
Jewellery
 j - a ring of flight (left hand)
Wands
 o - a wand of iceblast (11)
 v - a wand of paralysis (19)
 y - a wand of mindburst (3)
Scrolls
 c - a scroll of holy word {unknown}
 e - a scroll of blinking {unknown}
 g - 5 scrolls of teleportation {unknown}
 i - 4 scrolls of identify {unknown}
 n - a scroll of enchant armour {unknown}
 p - a scroll of vulnerability {unknown}
 u - 2 scrolls of fear {unknown}
 x - a scroll of enchant weapon {unknown}
 A - a scroll of magic mapping {unknown}
 C - a scroll of brand weapon {unknown}
 E - a scroll of amnesia {unknown}
 F - a scroll of fog {unknown}
 G - a scroll of acquirement {unknown}
Potions
 f - 2 potions of curing {unknown}
 l - a potion of berserk rage {unknown}
 m - 2 potions of brilliance {unknown}
 q - a potion of mutation {unknown}
 t - 2 potions of might {unknown}
 w - a potion of lignification {unknown}
 z - 3 potions of resistance {unknown}
 D - a potion of degeneration {unknown}


   Skills:
 + Level 10.6 Fighting
 + Level 7.4 Short Blades
 - Level 4.1(4.4) Axes
 - Level 2.2(3.5) Polearms
 + Level 8.2 Armour
 - Level 1.0 Spellcasting
 - Level 0.6 Fire Magic
 - Level 4.0 Evocations


You had 9 spell levels left.
You knew the following spells:

 Your Spells              Type           Power      Damage    Failure   Level
p - Foxfire               Conj/Fire      4%         2x1d4     99%         1

Your spell library contained the following spells:

 Spells                   Type           Power      Damage    Failure   Level
 Slow                     Hex            0%         N/A       100%        2
 Confusing Touch          Hex            0%         N/A       100%        3
 Stone Arrow              Conj/Erth      0%         3d7       100%        3
 Vampiric Draining        Necr           0%         2d6       100%        3
 Animate Armour           Summ/Erth      0%         N/A       100%        4
 Summon Lightning Spire   Summ/Air       0%         N/A       100%        4
 Conjure Ball Lightning   Conj/Air       0%         3x3d6     100%        6
 Storm Form               Tmut/Air       0%         N/A       100%        7
 Discord                  Hex            0%         N/A       100%        8
 Disjunction              Tloc           0%         N/A       100%        8
 Lehudib's Crystal Spear  Conj/Erth      0%         10d2      100%        8
 Maxwell's Capacitive Co  Air            0%         ∞         100%        8


Dungeon Overview and Level Annotations

Branches:
Dungeon (8/15)             Temple (0/1) D:7
   Lair: D:8-11

Altars:
Cheibriados
Dithmenos
Elyvilon
Fedhas
Kikubaaqudgha
Makhleb
Nemelex Xobeh
Trog
Uskayaw
Vehumet
Zin

Shops:
D:2 *   D:4 :

Annotations:
D:5 2 transporters
D:7 1 transporter


Innate Abilities, Weirdness & Mutations

You have a pair of horns on your head.
You reflexively headbutt those who attack you in melee.


Message History

There is a stone staircase leading up, spattered with blood here.
Unknown command.
The killer bee buzzes angrily.
The centaur warrior shoots an arrow.
The arrow hits you!
The centaur warrior shoots an arrow.
The arrow hits you!
* * * LOW HITPOINT WARNING * * *
The centaur warrior shoots an arrow.
The arrow hits you.
* * * LOW HITPOINT WARNING * * *
Unknown command.
Aiming: Iceblast
Press: ? - help, Shift-Dir - straight line, f - centaur warrior
Aim: a centaur warrior, wielding a +0 longbow and quivering arrows The mass of ice explodes!
The iceblast engulfs the centaur warrior!
The centaur warrior is moderately wounded.
The iceblast engulfs the killer bee!!
You kill the killer bee!
You hear a shout!
The centaur warrior shoots an arrow.
The arrow hits you!
* * * LOW HITPOINT WARNING * * *
The centaur warrior shoots an arrow.
The arrow hits you!
* * * LOW HITPOINT WARNING * * *
Aiming: Mindburst
Press: ? - help, Shift-Dir - straight line, f/p - centaur warrior
Aim: a centaur warrior, wielding a +0 longbow and quivering arrows (moderately wounded, chance to affect: 66%)
The centaur warrior's mind is blasted!
The centaur warrior shoots an arrow.
The arrow hits you!
* * * LOW HITPOINT WARNING * * *
Aiming: Mindburst
Press: ? - help, Shift-Dir - straight line, f/p - centaur warrior
Aim: a centaur warrior, wielding a +0 longbow and quivering arrows (moderately wounded, chance to affect: 66%)
The centaur warrior struggles to resist.
The centaur warrior shoots an arrow.
The arrow barely misses you.
The centaur warrior shoots an arrow.
The arrow closely misses you.
Aiming: Mindburst
Press: ? - help, Shift-Dir - straight line, f/p - centaur warrior
Aim: a centaur warrior, wielding a +0 longbow and quivering arrows (moderately wounded, chance to affect: 66%)
The centaur warrior's mind is blasted!!
The wight closely misses you.
The centaur warrior shoots an arrow.
The arrow hits you!!
You die...

#.[..z..{
#........
#.......z ......
.... +###
####'####
.....###....z..#
...............#
#...#..§#..@.# .
#)..#.....#
#(..#....###
#...#...#..c#
..#...#...#.†.#
.............#
#...#...#....##
.#...#...#...#
?#..$#..$#..#


You could see a centaur warrior and a wight.

Vanquished Creatures
  Erica (D:7)
  Prince Ribbit (D:5)
  Eustachio (D:5)
  Menkaure (D:7)
  A water moccasin (D:6)
  A hornet zombie (D:6)
  A sky beast (D:7)
  A black bear (D:5)
  2 ogres
  2 necrophages (D:6)
  A kobold brigand (D:8)
  4 bullfrogs
  A wyvern zombie (D:7)
  3 scorpions
  A water moccasin zombie (D:5)
  A water moccasin skeleton (D:6)
  5 wights (D:7)
  A killer bee (D:8)
  A crimson imp (D:6)
  2 orc priests (D:4)
  Crazy Yiuf (D:5)
  6 hounds
  A jelly (D:6)
  A bullfrog skeleton (D:5)
  3 orc wizards (D:4)
  2 killer bee zombies
  A hound skeleton (D:5)
  A howler monkey zombie (D:8)
  Robin (D:3)
  A gnoll (D:1)
  A howler monkey skeleton (D:4)
  7 adders
  2 white imps (D:6)
  2 adder skeletons (D:4)
  2 adder zombies (D:5)
  2 worms
  4 dart slugs
  10 orcs
  5 bats
  10 endoplasms
  5 giant cockroaches
  14 goblins
  10 hobgoblins
  3 jackals (D:4)
  2 quokkas
  5 ball pythons
  A frilled lizard (D:2)
  8 kobolds
  3 rats
146 creatures vanquished.

Vanquished Creatures (others)
  43 foxfires
43 creatures vanquished.

Grand Total: 189 creatures vanquished

Notes
Turn   | Place    | Note
-------+----------+-------------------------------------------
     0 | D:1      | lunkers the Minotaur Cinder Acolyte began the quest for the
                  | Orb.
     0 | D:1      | Reached XP level 1. HP: 19/19 MP: 1/1
    79 | D:1      | Reached skill level 4 in Fighting
    80 | D:1      | Reached XP level 2. HP: 18/27 MP: 0/2
   254 | D:1      | Found a faded altar of an unknown god.
   795 | D:1      | Reached skill level 1 in Polearms
   846 | D:1      | Reached XP level 3. HP: 34/34 MP: 0/3
  1178 | D:2      | Found Lajuqae's General Store.
  1478 | D:2      | Reached XP level 4. HP: 41/41 MP: 2/4
  1778 | D:2      | Reached skill level 5 in Fighting
  1921 | D:2      | Reached skill level 1 in Short Blades
  1964 | D:3      | Found a snail-covered altar of Cheibriados.
  2018 | D:3      | Noticed Robin
  2365 | D:3      | Killed Robin
  3311 | D:4      | Reached XP level 5. HP: 40/48 MP: 5/5
  3626 | D:4      | Found Gafil's Book Boutique.
  3727 | D:4      | Reached XP level 6. HP: 52/57 MP: 6/6
  3737 | D:4      | Reached skill level 6 in Fighting
  4339 | D:4      | Reached skill level 1 in Armour
  4339 | D:4      | Reached skill level 1 in Evocations
  4809 | D:5      | Entered Level 5 of the Dungeon
  4950 | D:5      | Reached XP level 7. HP: 54/64 MP: 7/7
  4996 | D:5      | Found an ancient bone altar of Kikubaaqudgha.
  5007 | D:5      | Reached skill level 7 in Fighting
  5110 | D:5      | Found a runed translucent door.
  5110 | D:5      | Noticed Eustachio
  5120 | D:5      | Killed Eustachio
  5122 | D:5      | Noticed Crazy Yiuf
  5125 | D:5      | Killed Crazy Yiuf
  5195 | D:5      | Found a transporter.
  5195 | D:5      | Noticed a yak
  5205 | D:5      | Found a transporter.
  5211 | D:5      | Found a blossoming altar of Fedhas.
  5246 | D:5      | Reached skill level 5 in Short Blades
  5511 | D:5      | Noticed Prince Ribbit
  5530 | D:5      | Killed Prince Ribbit
  5531 | D:5      | Reached XP level 8. HP: 31/74 MP: 8/8
  6158 | D:6      | Found a shadowy altar of Dithmenos.
  6164 | D:6      | Reached skill level 8 in Fighting
  6479 | D:6      | Reached skill level 5 in Armour
  6528 | D:6      | Found a white marble altar of Elyvilon.
  6551 | D:6      | Found a bloodstained altar of Trog.
  6832 | D:6      | Noticed a +0 dagger
  6833 | D:6      | Noticed a +0 spear
  6834 | D:6      | Noticed a +0 spear
  6834 | D:6      | Noticed a +0 falchion
  6836 | D:6      | Noticed a +0 dagger
  6836 | D:6      | Noticed a +0 short sword
  6837 | D:6      | Noticed a +0 falchion
  6839 | D:6      | Noticed a +0 short sword
  6841 | D:6      | Found a hide-covered altar of Uskayaw.
  6863 | D:6      | Found a bloodstained altar of Trog.
  6869 | D:6      | Reached skill level 9 in Fighting
  6909 | D:6      | Identified the +6 rapier "Sagebb" {flame, Int+2}
  7097 | D:6      | Found a radiant altar of Vehumet.
  7098 | D:6      | Found a burning altar of Makhleb.
  7104 | D:6      | Reached XP level 9. HP: 81/83 MP: 9/9
  7258 | D:7      | Noticed Menkaure
  7263 | D:7      | Killed Menkaure
  7411 | D:7      | Found a staircase to the Ecumenical Temple.
  7557 | D:7      | Found a sparkling altar of Nemelex Xobeh.
  7557 | D:7      | Found a transporter.
  7557 | D:7      | Noticed a cyclops
  7558 | D:7      | Noticed a two-headed ogre
  8205 | D:7      | Found a glowing silver altar of Zin.
  8447 | D:8      | Noticed Erica
  8688 | D:7      | Reached skill level 10 in Fighting
  8924 | D:8      | Noticed a centaur warrior
  8937 | D:7      | Killed Erica
  9127 | D:8      | Shot with an arrow by a centaur warrior

Illustrated notes

Levels and vault maps discovered:
D:1:      saegor_arrival_simple_c, layout_rooms,
          hellmonk_ecumenical_altar_zigzags
D:2:      layout_loops_ring, serial_shops, shop
D:3:      layout_basic, mainiacjoe_overflow_catwalk, serial_co_window_serial,
          co_window_of_opportunity_a, co_window_cross_1, co_window_cross_1,
          co_window_cross_1, co_window_of_opportunity_a, co_window_corner_a,
          co_window_paths_a, co_window_corner_ca, co_window_cross_3,
          co_window_cross_4, co_window_of_opportunity_b, co_window_4corner_b,
          co_window_paths_e, glass_columns_a, uniq_robin
D:4:      layout_loops_corners, serial_shops, nicolae_stop_n_shop_2
D:5:      layout_cave_pods, kiku_gazebo_pond_becter,
          gammafunk_temple_overflow_arena, kennysheep_generic_room_16,
          uniq_crazy_yiuf_cottage, uniq_prince_ribbit1, uniq_eustachio
D:6:      layout_basic, grunt_temple_overflow_lords_of_destruction,
          nicolae_uskayaw_en_pointe, lemuel_crystal_altar,
          mainiacjoe_overflow_24_doors, hangedman_feature_mirror,
          hangedman_abyss_or_decor_stabs, minmay_misc_feat_roman
D:7:      layout_layer_cave, grunt_nemelex_the_gamble, zin_statuary,
          minmay_temple_entry_trees, lemuel_flame_loot_1, uniq_menkaure
D:8:      cheibrodos_fzero, layout_gridville, nicolae_dithmenos_the_darkroom,
          minmay_radiant, uniq_erica

Skill      XL: |  1  2  3  4  5  6  7  8  9 |
---------------+----------------------------+-----
Fighting       | 4 5 6 7 9 10 | 10.6
Axes           | 4 |  4.1
Polearms       | 1 2 |  2.2
Short Blades   | 2 4 5 6 7 |  7.4
Armour         | 1 3 6 8 |  8.2
Evocations     | 1 3 4 |  4.0
Spellcasting   | |  1.0
Fire Magic     | |  0.6

Action                   |  1- 3 |  4- 6 |  7- 9 || total
-------------------------+-------+-------+-------++-------
Melee: Hand axe          |    18 |       |       ||    18
       Headbutt          |     4 |    28 |    32 ||    64
       Spear             |    32 |       |       ||    32
       Dagger            |     3 |   163 |   159 ||   325
       Rapier            |       |       |    68 ||    68
 Cast: Foxfire           |    22 |    14 |       ||    36
Evoke: Wand              |       |       |     4 ||     4
Armor: Robe              |     4 |       |       ||     4
       Plate armour      |       |    86 |   142 ||   228
Dodge: Dodged            |    16 |    19 |    59 ||    94
Block: Tower shield      |       |       |    14 ||    14

Table legend: (Time is in decaauts)
 A = Elapsed time spent in this place.
 B = Non-inter-level travel time spent in this place.
 C = Inter-level travel time spent in this place.
 D = Time resting spent in this place.
 E = Time spent auto-exploring this place.
 F = Levels seen in this place.
 G = Mean time per level.
                   A        B        C        D        E       F      G
               +--------+--------+--------+--------+--------+-----+--------+
         Total |   9079 |   8845 |    234 |    588 |   7164 |   8 | 1134.9 |
       Dungeon |   9079 |   8845 |    234 |    588 |   7164 |   8 | 1134.9 |
               +--------+--------+--------+--------+--------+-----+--------+

Top non-repeatable levels by time:
     D:7: 1927 daAuts
     D:4: 1542 daAuts
     D:3: 1288 daAuts
     D:5: 1238 daAuts
     D:6: 1077 daAuts
     D:1: 1023 daAuts
     D:2: 931 daAuts
     D:8: 50 daAuts
